 Dungeon Crawl Stone Soup version 0.21-a0-201-g8501b10 (webtiles) character file.

583 motkurip the Shield-Bearer (level 7, 0/52 HPs)
             Began as a Mummy Fighter on Aug 17, 2017.
             Was an Initiate of Gozag.
             Slain by a rat (1 damage)
             ... summoned by Eustachio
             ... on level 4 of the Dungeon.
             The game lasted 00:45:25 (12046 turns).

motkurip the Shield-Bearer (Mummy Fighter)         Turns: 12046, Time: 00:45:26

Health: 0/52       AC:  4    Str: 21      XL:     7   Next: 14%
Magic:  7/7        EV:  5    Int:  8      God:    Gozag
Gold:   194        SH: 10    Dex: 10 (11) Spells: 6/6 levels left

rFire    x . .     SeeInvis .   k - +0 dagger
rCold    + + .     Gourm    .   c - +0 shield
rNeg     + + +     Faith    .   e - +0 chain mail
rPois    ∞         Spirit   .   (no helmet)
rElec    .         Reflect  .   (no cloak)
rCorr    .         Harm     .   (no gloves)
MR       .....     Rnd*Tele +   (no boots)
Stlth    ..........             (no amulet)
HPRegen  0.17/turn              h - ring of teleportation (curse)
MPRegen  0.10/turn              w - ring of protection from cold

@: about to teleport, corroded
A: no food or potions, fire vulnerability, cold resistance 1, negative energy
resistance 3, torment resistance, unbreathing
a: Potion Petition, Call Merchant, Bribe Branch, Renounce Religion


You were on level 4 of the Dungeon.
You worshipped Gozag.
Gozag was aware of your devotion.
You were not hungry.

You visited 2 branches of the dungeon, and saw 6 of its levels.

You collected 240 gold pieces.
You paid 46 gold pieces to Gozag.

Inventory:

Hand Weapons
 a - a +0 flail
 i - a +0 whip
 k - a +0 dagger (weapon)
 m - a +0 short sword
 o - a cursed -1 hunting sling
 p - a cursed -3 dagger
 t - a +0 blowgun
Missiles
 d - 212 stones (quivered)
 j - 93 sling bullets
 r - 3 throwing nets
 s - 21 poisoned needles
 u - 4 tomahawks
Armour
 b - a +0 scale mail
 c - a +0 shield (worn)
 e - a +0 chain mail (worn)
Jewellery
 h - a cursed ring of teleportation (left hand)
 w - a ring of protection from cold (right hand)
Wands
 x - a wand of acid (0/15)
 y - a wand of confusion (8/48)
Scrolls
 f - 2 scrolls of teleportation
 g - a scroll of immolation
 l - a scroll of magic mapping
 n - a scroll of noise {unknown}
 q - 2 scrolls of blinking {unknown}
 v - a scroll of enchant armour {unknown}


   Skills:
 - Level 3.1 Fighting
 + Level 3.5 Maces & Flails
 - Level 2.4 Armour
 + Level 6.0 Shields


You had 6 spell levels left.
You didn't know any spells.

Dungeon Overview and Level Annotations

Branches:
Dungeon (5/15)             Temple (1/1) D:4

Altars:
Cheibriados
Dithmenos
Elyvilon
Fedhas
Gozag
Hepliaklqana
Kikubaaqudgha
Makhleb
Nemelex Xobeh
Okawaru
Qazlal
Ru
Sif Muna
Trog
Uskayaw
Vehumet
Wu Jian
Xom
Yredelemnul
Zin
The Shining One

Annotations:
D:2 1 runed door
D:3 exclusion: downstairs
D:4 exclusion: downstairs, Eustachio, Menkaure


Innate Abilities, Weirdness & Mutations

You do not eat or drink.
Your flesh is vulnerable to fire.
You are immune to poison.
Your flesh is cold resistant. (rC+)
You are immune to negative energy. (rN+++)
You are immune to unholy pain and torment.
You can survive without breathing.


Message History

The rat bites you but does no damage. x2; The rat barely misses you.
You block the rat's attack.
There is a stone staircase leading down here.
As you read the scroll of teleportation, it crumbles to dust.
You feel strangely unstable. You block the jelly's attack.
The quokka bites you but does no damage.
You block the rat's attack. The rat bites you but does no damage.
Unknown command.
The jelly hits you.
* * * LOW HITPOINT WARNING * * *
The acid corrodes you!
You are splashed with acid!
The acid burns!
* * * LOW HITPOINT WARNING * * *
You block the rat's attack.
Unknown command.
Eustachio casts a spell.
You block the quokka's attack.
Unknown command.
The rat bites you.
You die...
Your body crumbles into a pile of gold.

##### #...# #...# #...# ## #...#
###. ## ##.##################...
.#### ##.....#.....##.........
....# ##..!..J@...............#
.##.### #...5.rrr.......#########
......# #..5@>.5.........<.....##
#####>###...............######!..
#..####'####........## ###.
##.##.......#.........# ##
####...#..)....#.........########
#......'...>...'...............##
.!.....#.......##..............##


You could see Eustachio, a jelly, a crimson imp, a white imp, an ufetubus, a
quokka and 2 rats.

Vanquished Creatures
  A water moccasin skeleton (D:4)
  A hound (D:3)
  An orc priest (D:4)
  An iguana (D:4)
  Jessica (D:2)
  Ijyb (Temple)
  2 worker ants
  13 gnolls
  8 adders
  A shadow imp (D:3)
  An ooze (D:3)
  5 worms
  3 dart slugs (D:2)
  5 leopard geckos
  8 orcs
  A ball python (D:2)
  8 bats
  6 giant cockroaches
  17 goblins
  9 hobgoblins
  3 jackals (D:1)
  11 kobolds
  2 quokkas
  3 frilled lizards
  7 rats
119 creatures vanquished.

Notes
Turn   | Place    | Note
-------+----------+-------------------------------------------
     0 | D:1      | motkurip the Mummy Fighter began the quest for the Orb.
     0 | D:1      | Reached XP level 1. HP: 18/18 MP: 1/1
   474 | D:1      | Reached XP level 2. HP: 22/24 MP: 2/2
  1657 | D:1      | Reached XP level 3. HP: 27/29 MP: 3/3
  3196 | D:2      | Reached skill level 3 in Shields
  3196 | D:2      | Reached XP level 4. HP: 23/35 MP: 4/4
  5008 | D:2      | Found a shadowy altar of Dithmenos.
  5546 | D:2      | Found a runed door.
  5662 | D:2      | Reached XP level 5. HP: 31/41 MP: 5/5
  5721 | D:1      | Reached skill level 4 in Shields
  6985 | D:3      | Noticed Jessica
  7061 | D:2      | Killed Jessica
  8120 | D:3      | Reached XP level 6. HP: 45/47 MP: 6/6
  8883 | D:1      | Reached skill level 5 in Shields
  9070 | D:4      | Noticed Menkaure
  9072 | D:4      | Noticed Ijyb
 10226 | D:4      | Found a staircase to the Ecumenical Temple.
 10236 | Temple   | Entered the Ecumenical Temple
 10320 | Temple   | Became a worshipper of Gozag Ym Sagoz the Greedy
 10431 | Temple   | Killed Ijyb
 10789 | D:4      | Found a sacrificial altar of Ru.
 11173 | D:4      | Reached XP level 7. HP: 39/52 MP: 7/7
 11320 | D:4      | Noticed Eustachio
 11387 | D:5      | Entered Level 5 of the Dungeon
 11877 | D:4      | Reached skill level 6 in Shields
 12044 | D:4      | HP: 1/52 [acid (8)]
 12046 | D:4      | Slain by a rat

Vault maps used:
D:1:      tarquinn_simple_flora_water_d, st_stairs_14
D:2:      first_bread, grunt_dithmenos_smoke, uniq_crazy_yiuf_cottage
D:3:      patterned_corridor, uniq_jessica
D:4:      lemuel_doored_altar, temple_green, uniq_menkaure, uniq_eustachio,
          uniq_ijyb
D:5:      kennysheep_slug_shrine
Temple:   regret_index_temple_sigil_plot

Skill      XL: |  1  2  3  4  5  6  7 |
---------------+----------------------+-----
Maces & Flails | 2 3 |  3.5
Shields        | 3 4 5 6 |  6.0
Fighting       | |  3.1
Armour         | |  2.4

Action                   |  1- 3 |  4- 6 |  7- 9 || total
-------------------------+-------+-------+-------++-------
Melee: Flail             |    53 |       |       ||    53
       Whip              |    45 |   100 |    28 ||   173
       Dagger            |   100 |   760 |    50 ||   910
 Fire: Blowgun           |       |    21 |    20 ||    41
Evoke: Wand              |       |       |     7 ||     7
  Use: Scroll            |       |     4 |     1 ||     5
Armor: Scale mail        |    59 |     5 |       ||    64
       Chain mail        |       |   278 |    75 ||   353
Dodge: Dodged            |    46 |   147 |    29 ||   222
Block: Shield            |    83 |   361 |    79 ||   523
